 Dungeon Crawl Stone Soup version 0.28-a0-823-gb444dcf96d (webtiles) character file.

Game seed: 7782642300039972347

2993 lawman0 the Magician (level 9, -5/63 HPs)
             Began as a White Draconian Hedge Wizard on Nov 9, 2021.
             Slain by a wyvern (15 damage)
             ... on level 8 of the Dungeon.
             The game lasted 00:16:13 (10590 turns).

lawman0 the Magician (DrWz)                        Turns: 10590, Time: 00:16:13

Health: -5/63      AC:  8    Str: 13    XL:     9   Next: 54%
Magic:  25/27      EV: 12    Int: 24    God:
Gold:   392        SH:  4    Dex: 10    Spells: 8/20 levels left

rFire   . . .      SeeInvis .   r - +4 dagger
rCold   + + +      Faith    .   i - +0 buckler
rNeg    . . .      Spirit   .   (armour unavailable)
rPois   .          Reflect  .   b - +0 hat
rElec   .          Harm     .   (no cloak)
rCorr   .          Rampage  .   (no gloves)
Will    .....                   h - +0 pair of boots
Stlth   +++.......              y - amulet of the acrobat
HPRegen 0.20/turn               o - ring of magical power
MPRegen 0.20/turn               t - ring of Wikaodoz {rC++ Int+6 Stlth+}

@: no status effects
A: breathe frost, AC +7, unfitting armour, cold resistance 1, cold-blooded
a: Breathe Frost


You were on level 8 of the Dungeon.
You visited 2 branches of the dungeon, and saw 9 of its levels.

You collected 392 gold pieces.

Inventory:

Hand Weapons
 a - a +0 dagger
 r - a +4 dagger (weapon)
Missiles
 c - a throwing net
 p - 41 poisoned darts
Armour
 b - a +0 hat (worn)
 h - a +0 pair of boots (worn)
 i - a +0 buckler (worn)
 z - a +0 pair of boots
Magical Staves
 l - a staff of air
Jewellery
 d - a ring of resist corrosion
 o - a ring of magical power (left hand)
 t - the ring of Wikaodoz (right hand) {rC++ Int+6 Stlth+}
   (You found it on level 4 of the Dungeon)

   [ring of intelligence]

   Int:       It affects your intelligence (+6).
   rC:        It greatly protects you from cold.
   Stlth:     It makes you more stealthy.
 w - a ring of positive energy
 y - an amulet of the acrobat (around neck)
 A - the ring "Nohuhuc" {rPois rC++ Dex+6}
   (You found it on level 7 of the Dungeon)

   [ring of dexterity]

   Dex:       It affects your dexterity (+6).
   rC:        It greatly protects you from cold.
   rPois:     It protects you from poison.
Scrolls
 e - a scroll of immolation
 m - 2 scrolls of blinking
 n - a scroll of fear
 q - 2 scrolls of enchant weapon
 u - a scroll of silence
 v - a scroll of vulnerability
Potions
 f - 2 potions of mutation {unknown}
 g - 3 potions of heal wounds
 j - 2 potions of curing {unknown}
 s - a potion of flight
 x - a potion of haste {unknown}
 B - a potion of invisibility {unknown}


   Skills:
 + Level 0.8 Fighting
 + Level 2.6 Dodging
 + Level 3.0 Stealth
 * Level 4.0 Shields
 + Level 6.2 Spellcasting
 * Level 6.0 Conjurations
 * Level 3.6 Summonings
 * Level 3.4 Translocations
 * Level 4.4 Ice Magic
 * Level 3.6 Air Magic
 * Level 3.9 Poison Magic


You had 8 spell levels left.
You knew the following spells:

 Your Spells              Type           Power      Damage    Failure   Level
a - Magic Dart            Conj           100%       1d8       1%          1
b - Slow                  Hex            28%        N/A       8%          1
c - Blink                 Tloc           46%        N/A       3%          2
d - Call Imp              Summ           24%        N/A       2%          2
e - Mephitic Cloud        Conj/Pois/Air  29%        N/A       3%          3
f - Ozocubu's Armour      Ice            29%        N/A       3%          3

Your spell library contained the following spells:

 Spells                   Type           Power      Damage    Failure   Level
 Conjure Flame            Conj/Fire      21%        6-21      7%          3
 Stone Arrow              Conj/Erth      42%        3d9       7%          3
 Sandblast                Erth           14%        2d6       8%          1
 Passwall                 Tmut/Erth      5%         N/A       12%         2
 Sublimation of Blood     Necr           7%         N/A       12%         2
 Wereblood                Tmut           7%         N/A       12%         2
 Metabolic Englaciation   Hex/Ice        9%         N/A       65%         5
 Simulacrum               Ice/Necr       9%         N/A       99%         6
 Summon Hydra             Summ           12%        N/A       100%        7


Dungeon Overview and Level Annotations

Branches:
Dungeon (8/15)             Temple (1/1) D:7
   Lair: D:8-11

Altars:
Ashenzari
Cheibriados
Elyvilon
Fedhas
Gozag
Hepliaklqana
Kikubaaqudgha
Nemelex Xobeh
Okawaru
Ru
Sif Muna
Uskayaw
Wu Jian
Xom
Yredelemnul
Zin

Shops:
D:3 (

Annotations:
D:6 1 runed translucent door, 1 exclusion
D:8 Maggie


Innate Abilities, Weirdness & Mutations

You can breathe waves of freezing cold which knock back foes.
Your icy white scales are hard. (AC +7)
You cannot fit into any form of body armour.
Your flesh is cold resistant. (rC+)
You are cold-blooded and may be slowed by cold attacks.


Message History

The wyvern bites you.
You hit the wyvern.
The wyvern is heavily wounded.
The wyvern bites you.
You hit the wyvern but do no damage.
The wyvern is heavily wounded.
The wyvern closely misses you. x2
You are too injured to fight recklessly!
You hit the wyvern.
You tail-slap the wyvern, but do no damage.
The wyvern is severely wounded.
The wyvern bites you!
You are too injured to fight recklessly!
You barely miss the wyvern.
The wyvern is severely wounded.
The wyvern bites you!
* * * LOW HITPOINT WARNING * * *
The wyvern barely misses you.
You are too injured to fight recklessly!
Unknown command.
You hit the wyvern.
The wyvern is severely wounded.
The wyvern bites you.
* * * LOW HITPOINT WARNING * * *
You hit the wyvern.
You tail-slap the wyvern, but do no damage.
The wyvern is almost dead.
The wyvern barely misses you. You block the wyvern's attack.
You are too injured to fight recklessly!
Unknown command.
You hit the wyvern.
The wyvern is almost dead.
The wyvern closely misses you.
You are too injured to fight recklessly!
You hit the wyvern but do no damage.
The wyvern is almost dead.
The wyvern bites you.
* * * LOW HITPOINT WARNING * * *
The wyvern bites you!
You die...

### ####.####
####...###.# #
#######...###.....
...
#..##..#####.#####
.....###....## ###
#....l@...##
###########


You could see a wyvern.

Vanquished Creatures
  A two-headed ogre (D:8)
  A wyvern (D:7)
  A steam dragon (D:7)
  A water moccasin (D:5)
  2 black bears (D:6)
  A sky beast (D:6)
  2 ogres
  2 centaurs
  3 phantoms
  A bullfrog (D:8)
  3 scorpions
  3 water moccasin skeletons
  A howler monkey (D:4)
  2 bullfrog zombies
  2 jellies
  2 orc priests
  6 hounds
  A centaur skeleton (D:6)
  4 iguanas
  4 orc wizards
  A hound skeleton (D:4)
  A howler monkey zombie (D:7)
  4 adders
  A white imp (D:7)
  A worm (D:7)
  A dart slug (D:2)
  19 orcs
  6 ball pythons
  A bat zombie (D:3)
  4 endoplasms
  A giant cockroach (D:4)
  11 goblins
  9 hobgoblins
  7 jackals
  5 quokkas
  5 bats
  5 frilled lizards
  12 kobolds
  8 rats
145 creatures vanquished.

Vanquished Creatures (collateral kills)
  2 jackals (D:2)
  A kobold (D:4)
3 creatures vanquished.

Grand Total: 148 creatures vanquished

Notes
Turn   | Place    | Note
-------+----------+-------------------------------------------
     0 | D:1      | lawman0 the Draconian Hedge Wizard began the quest for the
                  | Orb.
     0 | D:1      | Reached XP level 1. HP: 14/14 MP: 4/4
   675 | D:1      | Reached XP level 2. HP: 20/20 MP: 1/6
   750 | D:1      | Learned a level 1 spell: Slow
   755 | D:1      | Learned a level 2 spell: Blink
   758 | D:1      | Learned a level 2 spell: Call Imp
  1564 | D:1      | Reached XP level 3. HP: 26/26 MP: 4/8
  1892 | D:2      | Learned a level 3 spell: Mephitic Cloud
  2506 | D:2      | Reached XP level 4. HP: 33/33 MP: 9/9
  3407 | D:3      | Found an ancient bone altar of Kikubaaqudgha.
  3455 | D:3      | Reached skill level 1 in Shields
  3461 | D:3      | Found Xifruoc's Weapon Boutique.
  3886 | D:4      | Noticed an ogre
  3928 | D:3      | Killed an ogre
  3929 | D:3      | Reached skill level 1 in Poison Magic
  3929 | D:3      | Reached XP level 5. HP: 34/38 MP: 9/11
  4006 | D:4      | Identified the ring of Wikaodoz {rC++ Int+6 Stlth+}
  4008 | D:4      | oh
  4009 | D:4      | sick
  4117 | D:4      | Reached skill level 1 in Air Magic
  4349 | D:4      | Reached XP level 6. HP: 40/45 MP: 12/12
  4651 | D:4      | Found a basalt altar of Yredelemnul.
  4891 | D:5      | Entered Level 5 of the Dungeon
  4934 | D:4      | Reached skill level 5 in Spellcasting
  4934 | D:4      | Your scales start taking on an icy white colour.
  4934 | D:4      | Reached XP level 7. HP: 14/50 MP: 7/14
  4934 | D:4      | Gained mutation: Your flesh is cold resistant. (rC+) [White
                  | Draconian growth]
  4934 | D:4      | ok
  5160 | D:4      | Learned a level 3 spell: Ozocubu's Armour
  6009 | D:5      | Found an opulent altar of Gozag.
  6067 | D:5      | Reached skill level 1 in Ice Magic
  6522 | D:5      | Reached XP level 8. HP: 58/58 MP: 15/15
  7408 | D:6      | Reached skill level 5 in Conjurations
  7577 | D:6      | Found a runed translucent door.
  7818 | D:6      | Noticed a moth of wrath
  8371 | D:7      | Identified the ring "Nohuhuc" {rPois rC++ Dex+6}
  8435 | D:7      | Reached XP level 9. HP: 20/63 MP: 17/17
  8917 | D:7      | Found a snail-covered altar of Cheibriados.
  9531 | D:7      | Found a staircase to the Ecumenical Temple.
  9642 | Temple   | Entered the Ecumenical Temple
 10173 | D:8      | Noticed a two-headed ogre
 10195 | D:8      | Killed a two-headed ogre
 10277 | D:8      | Noticed Maggie
 10284 | D:8      | Found a sacrificial altar of Ru.
 10590 | D:8      | Slain by a wyvern

Illustrated notes ..... ... ##.#.# .... ###..#<##..... ..#....<...... #.#..†..###... #.#...### #.#.#.# #.....# #.@..## #....# ###### Turn 4008 on D:4: oh ..... ... ##.#.# .... ###..#<##..... ..#....<...... #.#..†..###... #.#...### #.#.#.# #.....# #.@..## #....# ###### Turn 4009 on D:4: sick

#............#......
#................)..
#......####.#.##.###
#######......##........#
#...##.................#
#.#.........#.........###
#.####.#.##.............##
#.###..#<##..........>.##.
#...#....@5)............#.
###.#....[###.........###.
#.#...### ##...#...## #.
#.#.#.# ######### #.
#.....# ## #....## #....#
######


Turn 4934 on D:4: ok

Levels and vault maps discovered:
D:1:      enne_arrival_octagon_isle, layout_loops_ring, minmay_vboxes
D:2:      layout_basic, minmay_goblin_kobold_house
D:3:      layout_loops_ring, lemuel_zombie_altar_kikubaaqudgha, serial_shops,
          nicolae_shop_temple_entry_statues_fountains
D:4:      kennysheep_big_flooded_room, layout_rooms,
          mainiacjoe_overflow_alcove_4
D:5:      layout_basic, nicolae_gozag_seed_capital, corexii_corridor_pit,
          minmay_quadrilaterals
D:6:      lemuel_insect_pit, layout_loops_ring, tgw_trog
D:7:      layout_basic, cheibrodos_worm_habitat, lemuel_temple_firewalk_b
D:8:      layout_gridville, nicolae_ru_sacrificial_ziggurat, erik_lair_dragon,
          uniq_maggie, uniq_joseph
Temple:   minmay_temple_curvy_loop

Skill      XL: |  1  2  3  4  5  6  7  8  9 |
---------------+----------------------------+-----
Conjurations   | 2 3 4 5 6 |  6.0
Spellcasting   | 4 5 6 |  6.2
Shields        | 1 2 3 4 |  4.0
Stealth        | 2 3 |  3.0
Poison Magic   | 1 2 3 |  3.9
Air Magic      | 1 2 3 |  3.6
Dodging        | 2 |  2.6
Translocations | 2 3 |  3.4
Summonings     | 2 3 |  3.6
Ice Magic      | 1 3 4 |  4.4
Fighting       | |  0.8

Action                   |  1- 3 |  4- 6 |  7- 9 || total
-------------------------+-------+-------+-------++-------
Melee: Dagger            |    59 |    38 |    56 ||   153
       Tailslap          |     6 |     2 |     4 ||    12
 Cast: Magic Dart        |   100 |   146 |   252 ||   498
       Call Imp          |     1 |     6 |     3 ||    10
       Mephitic Cloud    |       |     3 |    12 ||    15
       Blink             |       |     1 |     1 ||     2
 Abil: Breathe Frost     |       |       |    19 ||    19
  Use: Scroll            |       |     4 |     8 ||    12
       Potion            |       |     1 |       ||     1
 Stab: Sleeping          |       |       |     2 ||     2
       Confused          |       |       |     1 ||     1
Armor: Skin              |    22 |    40 |    46 ||   108
Dodge: Dodged            |    35 |    45 |    88 ||   168
Block: Buckler           |     4 |    16 |    24 ||    44

Table legend: (Time is in decaauts)
 A = Elapsed time spent in this place.
 B = Non-inter-level travel time spent in this place.
 C = Inter-level travel time spent in this place.
 D = Time resting spent in this place.
 E = Time spent auto-exploring this place.
 F = Levels seen in this place.
 G = Mean time per level.
                   A        B        C        D        E       F      G
               +--------+--------+--------+--------+--------+-----+--------+
         Total |  10609 |  10212 |    397 |   1334 |   7362 |   9 | 1178.8 |
       Dungeon |  10387 |  10013 |    374 |   1334 |   7170 |   8 | 1298.4 |
        Temple |    222 |    199 |     23 |      0 |    192 |   1 |  222.0 |
               +--------+--------+--------+--------+--------+-----+--------+

Top non-repeatable levels by time:
     D:5: 2023 daAuts
     D:1: 1720 daAuts
     D:7: 1591 daAuts
     D:2: 1212 daAuts
     D:4: 1148 daAuts
     D:6: 1127 daAuts
     D:3: 1102 daAuts
     D:8: 461 daAuts
  Temple: 222 daAuts
